 Dungeon Crawl Stone Soup version 0.20.1-1-g8b1a95d (webtiles) character file.

679 yevrey the Insei (level 7, 0/53 HPs)
             Began as a Grey Draconian Transmuter on Nov 15, 2017.
             Slain by me2cool8's ghost (12 damage)
             ... on level 5 of the Dungeon.
             The game lasted 00:17:52 (5734 turns).

yevrey the Insei (Grey Draconian Transmuter)        Turns: 5734, Time: 00:17:53

Health: 0/53       AC: 14    Str: 12    XL:     7   Next: 34%
Magic:  12/12      EV: 12    Int: 15    God:
Gold:   180        SH:  0    Dex: 12    Spells: 4/13 levels left

rFire    . . .     SeeInvis .     - Unarmed
rCold    . . .     Gourm    .   (no shield)
rNeg     . . .     Faith    .   (armour unavailable)
rPois    .         Spirit   .   (helmet restricted)
rElec    .         Reflect  .   (no cloak)
rCorr    .         Harm     .   (no gloves)
MR       +....                  y - +2 pair of boots
Stlth    +.........             (no amulet)
Regen    0.2/turn               q - ring of protection from magic
MPRegen  0.2/turn               (no ring)

@: no status effects
A: walk through water, unfitting armour, unbreathing, cold-blooded, AC +11
a: no special abilities


You were on level 5 of the Dungeon.
You were not hungry.

You visited 1 branch of the dungeon, and saw 5 of its levels.
You also visited: Ossuary.

You collected 180 gold pieces.

Inventory:

Missiles
 l - 5 poisoned needles
Armour
 y - a +2 pair of boots (worn)
Jewellery
 q - a ring of protection from magic (left hand)
Wands
 d - a wand of polymorph (4/24)
Scrolls
 g - 2 scrolls of identify {unknown}
 j - 3 scrolls of remove curse
 k - 3 scrolls of teleportation {unknown}
 m - a scroll of enchant weapon {unknown}
 n - a scroll of fear {unknown}
 p - a scroll of enchant armour {unknown}
 z - a scroll of amnesia {unknown}
 A - a scroll of random uselessness {unknown}
 B - 2 scrolls of recharging {unknown}
Potions
 a - 2 potions of brilliance {unknown}
 h - a potion of heal wounds
 i - a potion of resistance {unknown}
 o - a potion of agility {unknown}
 r - a potion of degeneration {unknown}
 s - a potion of cancellation {unknown}
 u - a potion of invisibility {unknown}
 v - 2 potions of curing {unknown}
 w - 2 potions of berserk rage {unknown}
 x - 2 potions of lignification {unknown}
Books
 b - a book of Changes

   Spells                             Type                      Level
   a - Beastly Appendage              Transmutation                1
   b - Sticks to Snakes               Transmutation                2
   c - Spider Form                    Transmutation/Poison         3
   d - Ice Form                       Ice/Transmutation            4
   e - Blade Hands                    Transmutation                5
 e - a book of Fire

   Spells                             Type                      Level
   a - Ignite Poison                  Fire/Transmutation/Poison    3
   b - Fireball                       Conjuration/Fire             5
   c - Bolt of Fire                   Conjuration/Fire             6
   d - Ring of Flames                 Charms/Fire                  7
   e - Ignition                       Fire                         8
 t - a book of Changes

   Spells                             Type                      Level
   a - Beastly Appendage              Transmutation                1
   b - Sticks to Snakes               Transmutation                2
   c - Spider Form                    Transmutation/Poison         3
   d - Ice Form                       Ice/Transmutation            4
   e - Blade Hands                    Transmutation                5
Comestibles
 c - 3 bread rations
 f - 2 meat rations


   Skills:
 + Level 1.9 Fighting
 - Level 1.7 Dodging
 + Level 5.9 Unarmed Combat
 + Level 3.5 Spellcasting
 + Level 4.0 Transmutations
 * Level 3.2 Poison Magic


You had 4 spell levels left.
You knew the following spells:

 Your Spells              Type           Power        Failure   Level  Hunger
a - Beastly Appendage     Tmut           ##....       3%          1    None
b - Sticks to Snakes      Tmut           ##......     5%          2    ##.....
c - Spider Form           Tmut/Pois      ##........   13%         3    ###....
d - Ignite Poison         Fire/Tmut/Pois #.......     22%         3    ###....


Dungeon Overview and Level Annotations

Branches:
Dungeon (5/15)
 Temple: D:4-7

Altars:
Trog

Shops:
D:4 (

Annotations:
D:5 me2cool8's ghost, amateur MiMo


Innate Abilities, Weirdness & Mutations

You can walk through water.
Your dull iron-grey scales are very hard. (AC +11)
You cannot fit into any form of body armour.
You can survive without breathing.
You are cold-blooded and may be slowed by cold attacks.


Message History

Me2cool8's ghost is almost destroyed.
You hit me2cool8's ghost but do no damage.
Me2cool8's ghost is almost destroyed.
Me2cool8's ghost hits you but does no damage.
You hit me2cool8's ghost.
Me2cool8's ghost is almost destroyed.
Me2cool8's ghost barely misses you.
You barely miss me2cool8's ghost. Your headbutt misses me2cool8's ghost.
You tail-slap me2cool8's ghost.
Me2cool8's ghost is almost destroyed.
Me2cool8's ghost hits you.
* * * LOW HITPOINT WARNING * * *
You closely miss me2cool8's ghost.
Me2cool8's ghost is almost destroyed.
Your horns disappear.
Me2cool8's ghost hits you but does no damage.
You hit me2cool8's ghost but do no damage.
Me2cool8's ghost is almost destroyed.
Me2cool8's ghost hits you!
You die...

#########
#..8##..#
#..##...#
#.W@....##
#..#.....#
#..#.....# #
#..##...##
#..#########8##.##
.....>..####.#..#
#...<)......#
#......##.#.#.##
#..#.#.##...#.#


You could see me2cool8's ghost.

Vanquished Creatures
  The ghost of Wulf the Chopper, an amateur HOFi of Nemelex Xobeh (D:3)
  A bullfrog (D:5)
  A howler monkey (D:4)
  A centaur zombie (Ossuary)
  A human zombie (Ossuary)
  An orc priest (D:3)
  3 worker ants
  2 orc wizards (D:3)
  A hound zombie (Ossuary)
  3 mummies (Ossuary)
  4 gnolls
  3 adders
  2 oozes (D:2)
  4 adder zombies (Ossuary)
  3 worms (D:2)
  5 dart slugs
  2 leopard geckos
  6 orcs
  4 giant cockroaches
  6 hobgoblins
  10 jackals
  3 quokkas
  A ball python (D:1)
  4 bats
  3 frilled lizards
  2 gnoll zombies (Ossuary)
  10 goblins
  3 goblin zombies (Ossuary)
  4 hobgoblin zombies (Ossuary)
  2 jackal zombies (Ossuary)
  8 kobolds
  3 kobold zombies (Ossuary)
  2 orc zombies (Ossuary)
  A quokka skeleton (D:4)
  14 rats
  5 rat zombies (Ossuary)
129 creatures vanquished.

Vanquished Creatures (collateral kills)
  A big kobold zombie (Ossuary)
  A goblin zombie (Ossuary)
  A jackal zombie (Ossuary)
  3 kobold zombies (Ossuary)
6 creatures vanquished.

Grand Total: 135 creatures vanquished

Notes
Turn   | Place    | Note
-------+----------+-------------------------------------------
     0 | D:1      | yevrey the Draconian Transmuter began the quest for the Orb.
     0 | D:1      | Reached XP level 1. HP: 16/16 MP: 3/3
    74 | D:1      | Reached XP level 2. HP: 16/23 MP: 3/5
    79 | D:1      | Learned a level 2 spell: Sticks to Snakes
   563 | D:2      | Noticed a moth of wrath
   566 | D:2      | Found a bloodstained altar of Trog.
   574 | D:2      | Reached XP level 3. HP: 28/28 MP: 4/6
   662 | D:2      | Learned a level 3 spell: Spider Form
  1119 | D:2      | Reached skill level 4 in Unarmed Combat
  1284 | D:2      | Reached XP level 4. HP: 35/35 MP: 0/7
  1417 | D:1      | Reached skill level 1 in Poison Magic
  2821 | D:3      | Noticed Wulf's ghost (amateur HOFi)
  3142 | D:2      | Reached XP level 5. HP: 8/40 MP: 6/9
  3915 | D:3      | Found a faded altar of an unknown god.
  4355 | D:3      | Killed Wulf's ghost
  4355 | D:3      | Reached skill level 5 in Unarmed Combat
  4355 | D:3      | Reached XP level 6. HP: 32/47 MP: 2/10
  4577 | D:5      | Entered Level 5 of the Dungeon
  4839 | D:4      | Found Guah's Weapon Boutique.
  4852 | D:4      | Your scales start taking on a dull iron-grey colour.
  4852 | D:4      | Reached XP level 7. HP: 25/53 MP: 9/12
  4852 | D:4      | Gained mutation: You can survive without breathing. [Grey Draconian growth]
  5167 | D:5      | Noticed me2cool8's ghost (amateur MiMo)
  5181 | D:5      | Found a sand-covered staircase.
  5190 | Ossuary  | Entered an ossuary
  5230 | Ossuary  | Learned a level 3 spell: Ignite Poison
  5734 | D:5      | Slain by me2cool8's ghost

Skill      XL: |  1  2  3  4  5  6  7 |
---------------+----------------------+-----
Unarmed Combat | 4 5 |  5.9
Poison Magic   | 1 2 3 |  3.2
Transmutations | 3 4 |  4.0
Spellcasting   | 3 |  3.5
Fighting       | |  1.9
Dodging        | |  1.7

Action                   |  1- 3 |  4- 6 |  7- 9 || total
-------------------------+-------+-------+-------++-------
Melee: Unarmed           |   119 |   191 |   135 ||   445
       Headbutt          |     8 |     6 |    20 ||    34
       Tailslap          |     4 |    12 |    18 ||    34
       Kick              |     4 |     1 |       ||     5
       Punch             |     2 |       |     1 ||     3
 Cast: Beastly Appendage |    12 |     5 |    12 ||    29
       Spider Form       |     5 |    17 |     1 ||    23
       Sticks to Snakes  |     3 |     3 |     6 ||    12
  Use: Scroll            |       |     2 |       ||     2
       Potion            |       |     2 |       ||     2
 Stab: Sleeping          |       |     2 |       ||     2
  Eat: Chunk             |     2 |     4 |       ||     6
       Royal jelly       |       |     2 |       ||     2
       Bread ration      |       |     2 |       ||     2
       Meat ration       |       |       |     1 ||     1
Armor: Skin              |    24 |    50 |    54 ||   128
Dodge: Dodged            |    67 |   129 |    67 ||   263
